 Dungeon Crawl Stone Soup version 0.19-a0-1224-g978f909 (webtiles) character file.

49 Gordan the Grave Robber (level 3, -3/28 HPs)
             Began as a Deep Dwarf Necromancer on Aug 24, 2016.
             Killed from afar by Sigmund (5 damage)
             ... with a magic dart
             ... on level 2 of the Dungeon.
             The game lasted 00:07:21 (1075 turns).

Gordan the Grave Robber (Deep Dwarf Necromancer)    Turns: 1075, Time: 00:07:22

Health: -3/28      AC:  3    Str: 11    XL:     3   Next: 51%
Magic:  0/6        EV: 12    Int: 16    God:
Gold:   72         SH:  0    Dex: 13    Spells: 2 memorised, 4 levels left

rFire  . . .     SeeInvis .     m - +0 dagger
rCold  . . .     Gourm    .     l - +0 leather armour
rNeg   . . .     Faith    .     (no shield)
rPois  .         Spirit   .     (no helmet)
rElec  .         Dismiss  .     (no cloak)
rCorr  .         Reflect  .     (no gloves)
MR     .....     Harm     .     (no boots)
Stlth  ++........               (no amulet)
                                (no ring)
                                (no ring)

@: non-regenerating
A: damage resistance, recharge devices, sense surroundings 1, slow regeneration
3
a: Device Recharging


You were on level 2 of the Dungeon.
You were hungry.

You visited 1 branch of the dungeon, and saw 2 of its levels.

You collected 72 gold pieces.

Inventory:

Hand Weapons
 m - a +0 dagger (weapon)
Armour
 a - a +0 robe
 l - a +0 leather armour (worn)
Wands
 c - a wand of heal wounds (3/9)
Scrolls
 e - 4 scrolls of identify {unknown}
 h - a scroll of amnesia {unknown}
 k - 3 scrolls of teleportation {unknown}
 o - a scroll of fog {unknown}
Potions
 i - a potion of resistance {unknown}
 j - a potion of mutation {unknown}
 n - a potion of invisibility {unknown}
 p - a potion of heal wounds {unknown}
 q - a potion of curing {unknown}
 r - a potion of agility {unknown}
Books
 b - a book of Necromancy

   Spells                             Type                      Level
   a - Pain                           Necromancy                   1
   b - Animate Skeleton               Necromancy                   1
   c - Vampiric Draining              Necromancy                   3
   d - Regeneration                   Charms/Necromancy            3
   e - Animate Dead                   Necromancy                   4
   f - Control Undead                 Necromancy                   4
Comestibles
 d - 3 bread rations
 f - 4 fruits
 g - 2 chunks of flesh


   Skills:
 + Level 2.5 Dodging
 + Level 2.6 Stealth
 + Level 0.3 Unarmed Combat
 + Level 2.4 Spellcasting
 + Level 5.0 Necromancy


You had 4 spell levels left.
You knew the following spells:

 Your Spells              Type           Power        Failure   Level  Hunger
a - Pain                  Necr           ###.         3%          1    #......
b - Animate Skeleton      Necr           N/A          3%          1    #......


Dungeon Overview and Level Annotations

Branches:
Dungeon (2/15)

Altars:

Annotations:
D:2 Sigmund


Innate Abilities, Weirdness & Mutations

You are resistant to damage.
You can recharge devices by infusing magical energy.
You passively map a small area around you.
You do not regenerate.


Message History

The puff of flame hits you!
You closely miss Sigmund.
Sigmund is severely wounded.
Sigmund closely misses you.
You hit Sigmund.
Sigmund is severely wounded.
Your leather armour prevents you from hitting Sigmund.
Sigmund is severely wounded.
Sigmund hits you with a scythe!
* * * LOW HITPOINT WARNING * * *
You hit Sigmund.
Sigmund is severely wounded.
Sigmund points at you and mumbles some strange words.
The magic dart hits you!
* * * LOW HITPOINT WARNING * * *
You hit Sigmund.
Sigmund is severely wounded.
Sigmund casts a spell at you. The magic dart hits you!
You die...

........# , ,
####.#.#
........# * ,
#....@.#
........# *
#.##.###
........# *#<#
........# ,
#.### ##.######
, #.... #.# ,
#.### #.#
################
*>* #.### #.#
#.........@@...#
*#.... #.#
#.############.#
, #.### #.####.#
#.# *#.#
#......# #.# #.#
######## #.# #.#
#.# #.# #.# #.#
#.# #.#
#.########.#


You could see Sigmund.

Vanquished Creatures
  An adder (D:2)
  2 dart slugs
  3 giant geckos
  2 bats (D:1)
  2 giant cockroaches (D:1)
  2 hobgoblins
  2 jackals (D:1)
  2 giant newts
  5 goblins
  6 kobolds
  5 rats (D:1)
32 creatures vanquished.

Vanquished Creatures (collateral kills)
  A giant newt (D:1)
1 creature vanquished.

Grand Total: 33 creatures vanquished

Notes
Turn   | Place    | Note
-------+----------+-------------------------------------------
     0 | D:1      | Gordan the Deep Dwarf Necromancer began the quest for the Orb.
     0 | D:1      | Reached XP level 1. HP: 15/15 MP: 3/3
    27 | D:1      | Learned a level 1 spell: Animate Skeleton
   193 | D:1      | Reached XP level 2. HP: 8/22 MP: 1/4
   630 | D:1      | Reached skill level 5 in Necromancy
   644 | D:1      | Reached XP level 3. HP: 25/28 MP: 0/6
   892 | D:2      | Noticed Sigmund
  1075 | D:2      | Killed from afar by Sigmund

Vault maps used:
D:1:      dpeg_arrival_prison, minmay_vboxes
D:2:      minmay_pentomino_o2, uniq_sigmund

Skill      XL: |  1  2 |
---------------+-------+-----
Spellcasting   | 2 |  2.4
Necromancy     | 5 |  5.0
Dodging        | |  2.5
Stealth        | |  2.6
Unarmed Combat | |  0.3

Action                   || total
-------------------------++-------
Melee: Unarmed           ||    24
       Dagger            ||    25
 Cast: Pain              ||    52
       Animate Skeleton  ||     6
Evoke: Wand              ||     2
 Stab: Sleeping          ||     1
  Eat: Chunk             ||     1
Armor: Robe              ||     4
       Leather armour    ||     3
Dodge: Dodged            ||    44
